[ AOE2 MATCH · #484147178 ]
UnrankedBurgundians vs Gurjaras
[ REPLAY ANALYSIS · EXTRACTED FROM THE RECORDED GAME ]
Feudal
10:33
Castle
22:22
Imperial
36:45
| APM avg | 22.0 |
| APM peak | 64 |
| eAPM avg | 17.5 |
| Villagers / military | 205 / 1082 |
Focus
⚔️ 51.3% · 🌾 48.7%
Spearman ×359 · Scout Cavalry ×298 · Skirmisher ×163 · Knight ×85 · Hand Cannoneer ×84 · Flemish Militia ×47
Feudal
9:21
Castle
19:39
Imperial
32:31
| APM avg | 31.2 |
| APM peak | 71 |
| eAPM avg | 16.6 |
| Villagers / military | 140 / 829 |
Focus
⚔️ 41.5% · 🌾 58.5%
Camel Scout ×341 · Skirmisher ×273 · Chakram Thrower ×82 · Trade Cart ×65 · Scout Cavalry ×46 · Elephant Archer ×41
Feudal
11:16
Castle
18:31
Imperial
36:21
| APM avg | 49.5 |
| APM peak | 93 |
| eAPM avg | 32.6 |
| Villagers / military | 293 / 488 |
Focus
⚔️ 36.0% · 🌾 64.0%
Scout Cavalry ×253 · Scorpion ×80 · Knight ×78 · Ballista Elephant ×44 · Trebuchet (Packed) ×29 · Trade Cart ×23
Feudal
10:00
Castle
18:31
Imperial
41:31
| APM avg | 28.5 |
| APM peak | 90 |
| eAPM avg | 14.9 |
| Villagers / military | 109 / 382 |
Focus
⚔️ 39.3% · 🌾 60.7%
Fire Lancer ×189 · Archer ×103 · Scout Cavalry ×30 · Knight ×28 · Monk ×13 · Trade Cart ×10
Match map
Initial resources + every placement click. Lines = walls · curves = elevation contours. ◆ gold · ⬟ stone · ● berries · ✦ relic · ◌ wall gap
Your base· ✓ Closed at 22:22 · 24t walls · 1 gate(s)
mentalist's base· ✓ Closed at 19:39 · 63t walls · 1 gate(s)
umad_mazhar111's base· ✓ Closed at 18:31 · 29t walls · 1 gate(s)
lemac's base· ✓ Closed at 18:31 · 0t walls · 1 gate(s)
Smoothed initial terrain · ◌ = detected wall gap · hover for details
Inputs per minute
— wasif_hyder - - mentalist
Build order — wasif_hyder
First 150 of 836 actions detected
| 0:00 | Create | Villager (Male) |
| 0:00 | Create | Villager (Male) |
| 0:00 | Create | Villager (Male) |
| 0:01 | Create | Villager (Male) |
| 0:01 | Create | Villager (Male) |
| 0:01 | Create | Villager (Male) |
| 0:03 | Build | House |
| 0:05 | Build | House |
| 1:22 | Create | Villager (Male) |
| 1:22 | Create | Villager (Male) |
| 2:01 | Create | Villager (Male) |
| 2:01 | Create | Villager (Male) |
| 2:01 | Create | Villager (Male) |
| 2:02 | Create | Villager (Male) |
| 2:02 | Create | Villager (Male) |
| 2:02 | Create | Villager (Male) |
| 2:02 | Create | Villager (Male) |
| 2:02 | Create | Villager (Male) |
| 2:10 | Create | Villager (Male) |
| 2:10 | Create | Villager (Male) |
| 2:10 | Create | Villager (Male) |
| 2:18 | Build | Lumber Camp |
| 2:46 | Create | Villager (Male) |
| 2:46 | Create | Villager (Male) |
| 2:46 | Create | Villager (Male) |
| 2:46 | Create | Villager (Male) |
| 2:46 | Create | Villager (Male) |
| 2:46 | Create | Villager (Male) |
| 3:02 | Create | Villager (Male) |
| 3:02 | Create | Villager (Male) |
| 3:02 | Create | Villager (Male) |
| 3:19 | Build | House |
| 3:29 | Build | House |
| 3:51 | Create | Villager (Male) |
| 3:51 | Create | Villager (Male) |
| 4:11 | Create | Villager (Male) |
| 4:11 | Create | Villager (Male) |
| 4:11 | Create | Villager (Male) |
| 4:11 | Create | Villager (Male) |
| 4:11 | Create | Villager (Male) |
| 4:11 | Create | Villager (Male) |
| 4:11 | Create | Villager (Male) |
| 4:11 | Create | Villager (Male) |
| 4:40 | Create | Villager (Male) |
| 4:40 | Create | Villager (Male) |
| 4:40 | Create | Villager (Male) |
| 4:40 | Create | Villager (Male) |
| 4:43 | Research | Double-Bit Axe |
| 4:43 | Research | Double-Bit Axe |
| 4:46 | Create | Villager (Male) |
| 4:46 | Create | Villager (Male) |
| 4:46 | Create | Villager (Male) |
| 4:46 | Create | Villager (Male) |
| 5:40 | Create | Villager (Male) |
| 5:40 | Create | Villager (Male) |
| 5:40 | Create | Villager (Male) |
| 5:40 | Create | Villager (Male) |
| 6:03 | Build | House |
| 6:06 | Create | Villager (Male) |
| 6:06 | Create | Villager (Male) |
| 7:08 | Research | Loom |
| 7:21 | Build | Mill |
| 7:54 | Create | Villager (Male) |
| 8:23 | Research | Feudal Age |
| 8:48 | Build | Barracks |
| 8:51 | Build | House |
| 8:57 | Build | Palisade Wall |
| 9:50 | Research | Horse Collar |
| 10:00 | Research | Horse Collar |
| 10:01 | Research | Horse Collar |
| 10:33 | Age | Feudal Age |
| 10:39 | Build | Stable |
| 10:44 | Create | Flemish Militia |
| 10:45 | Create | Villager (Male) |
| 10:45 | Create | Villager (Male) |
| 10:45 | Create | Villager (Male) |
| 11:10 | Create | Spearman |
| 11:13 | Create | Flemish Militia |
| 11:33 | Build | Farm |
| 11:33 | Build | Farm |
| 11:34 | Build | Farm |
| 11:34 | Build | Farm |
| 11:34 | Build | Farm |
| 11:34 | Build | Farm |
| 11:35 | Build | Farm |
| 11:35 | Build | Farm |
| 11:35 | Build | Farm |
| 11:36 | Build | Farm |
| 11:36 | Build | Farm |
| 11:36 | Build | Farm |
| 11:36 | Build | Farm |
| 11:37 | Build | Farm |
| 11:40 | Create | Villager (Male) |
| 11:45 | Research | Heavy Plow |
| 12:20 | Create | Villager (Male) |
| 12:42 | Create | Spearman |
| 12:54 | Build | Mining Camp |
| 13:12 | Create | Villager (Male) |
| 13:30 | Create | Villager (Male) |
| 13:30 | Create | Villager (Male) |
| 13:55 | Create | Flemish Militia |
| 13:58 | Create | Scout Cavalry |
| 14:06 | Build | House |
| 14:11 | Build | Farm |
| 14:28 | Build | House |
| 14:29 | Build | House |
| 14:37 | Build | Farm |
| 14:38 | Build | Farm |
| 14:38 | Build | Farm |
| 14:38 | Build | Farm |
| 14:39 | Build | Farm |
| 14:40 | Build | Farm |
| 14:57 | Create | Villager (Male) |
| 14:57 | Create | Villager (Male) |
| 14:57 | Create | Villager (Male) |
| 14:57 | Create | Villager (Male) |
| 14:58 | Create | Villager (Male) |
| 14:58 | Create | Villager (Male) |
| 16:12 | Build | House |
| 16:13 | Build | House |
| 16:14 | Build | House |
| 16:22 | Create | Villager (Male) |
| 16:22 | Create | Villager (Male) |
| 16:22 | Create | Villager (Male) |
| 16:59 | Create | Villager (Male) |
| 17:20 | Build | House |
| 17:23 | Create | Villager (Male) |
| 17:51 | Build | Farm |
| 17:53 | Build | Farm |
| 17:57 | Research | Wheelbarrow |
| 18:08 | Build | Stable |
| 18:10 | Build | Barracks |
| 18:41 | Build | Blacksmith |
| 18:58 | Research | Gold Mining |
| 19:15 | Create | Villager (Male) |
| 19:30 | Build | House |
| 19:35 | Research | Castle Age |
| 19:56 | Build | Lumber Camp |
| 20:15 | Build | House |
| 20:18 | Build | Palisade Gate |
| 21:07 | Research | Gold Shaft Mining |
| 21:08 | Research | Gold Shaft Mining |
| 21:11 | Research | Scale Barding Armor |
| 21:21 | Create | Scout Cavalry |
| 21:28 | Create | Flemish Militia |
| 21:28 | Create | Flemish Militia |
| 21:29 | Create | Flemish Militia |
| 21:29 | Create | Flemish Militia |
| 21:35 | Research | Scale Mail Armor |
| 21:37 | Research | Forging |
Build order — mentalist
First 150 of 637 actions detected
| 0:03 | Create | Villager (Male) |
| 0:03 | Create | Villager (Male) |
| 0:03 | Create | Villager (Male) |
| 0:05 | Build | House |
| 0:08 | Build | House |
| 0:22 | Build | Mill |
| 0:27 | Create | Villager (Male) |
| 1:44 | Create | Villager (Male) |
| 1:59 | Create | Villager (Male) |
| 1:59 | Create | Villager (Male) |
| 2:17 | Create | Villager (Male) |
| 2:41 | Create | Villager (Male) |
| 2:41 | Create | Villager (Male) |
| 2:58 | Create | Villager (Male) |
| 3:21 | Create | Villager (Male) |
| 3:21 | Create | Villager (Male) |
| 3:38 | Build | House |
| 3:42 | Build | Palisade Wall |
| 4:02 | Create | Villager (Male) |
| 4:02 | Create | Villager (Male) |
| 4:23 | Create | Villager (Male) |
| 4:42 | Build | Lumber Camp |
| 4:55 | Create | Villager (Male) |
| 4:55 | Create | Villager (Male) |
| 5:04 | Create | Villager (Male) |
| 5:12 | Create | Villager (Male) |
| 5:19 | Build | House |
| 5:21 | Create | Villager (Male) |
| 5:31 | Create | Villager (Male) |
| 6:04 | Research | Loom |
| 6:05 | Create | Villager (Male) |
| 6:05 | Create | Villager (Male) |
| 6:05 | Create | Villager (Male) |
| 6:24 | Create | Villager (Male) |
| 6:38 | Build | House |
| 6:39 | Create | Villager (Male) |
| 7:11 | Research | Feudal Age |
| 8:27 | Build | Barracks |
| 9:01 | Build | Mining Camp |
| 9:21 | Age | Feudal Age |
| 9:24 | Create | Villager (Male) |
| 9:29 | Create | Militia |
| 9:31 | Create | Militia |
| 9:33 | Create | Villager (Male) |
| 9:47 | Create | Villager (Male) |
| 10:00 | Create | Villager (Male) |
| 10:04 | Build | Farm |
| 10:08 | Create | Militia |
| 10:09 | Create | Villager (Male) |
| 10:23 | Create | Villager (Male) |
| 10:35 | Create | Villager (Male) |
| 10:46 | Create | Villager (Male) |
| 10:48 | Research | Man-at-Arms (upgrade) |
| 10:54 | Build | Farm |
| 10:54 | Build | Farm |
| 10:55 | Build | Farm |
| 10:55 | Build | Farm |
| 10:58 | Create | Villager (Male) |
| 11:03 | Build | House |
| 11:05 | Build | House |
| 11:12 | Build | Palisade Gate |
| 11:20 | Build | Palisade Wall |
| 11:20 | Create | Villager (Male) |
| 11:38 | Create | Villager (Male) |
| 11:49 | Build | House |
| 12:20 | Create | Villager (Male) |
| 12:32 | Create | Villager (Male) |
| 12:36 | Build | Farm |
| 12:38 | Build | Farm |
| 12:45 | Create | Villager (Male) |
| 13:00 | Create | Villager (Male) |
| 13:10 | Build | Farm |
| 13:19 | Build | Palisade Wall |
| 13:24 | Build | Farm |
| 14:00 | Build | Mill |
| 14:01 | Create | Villager (Male) |
| 14:23 | Build | Farm |
| 14:31 | Research | Double-Bit Axe |
| 15:19 | Create | Villager (Male) |
| 15:19 | Create | Villager (Male) |
| 15:26 | Build | Blacksmith |
| 15:29 | Create | Villager (Male) |
| 16:00 | Build | Stable |
| 16:23 | Create | Villager (Male) |
| 16:28 | Build | House |
| 16:31 | Build | Palisade Wall |
| 16:32 | Build | Palisade Wall |
| 16:40 | Build | Lumber Camp |
| 16:48 | Research | Castle Age |
| 16:48 | Research | Castle Age |
| 16:53 | Build | Farm |
| 17:27 | Research | Horse Collar |
| 17:34 | Build | Farm |
| 17:36 | Build | Farm |
| 17:38 | Build | Farm |
| 17:54 | Research | Scale Barding Armor |
| 18:00 | Research | Bloodlines |
| 18:01 | Research | Bloodlines |
| 18:09 | Build | Mining Camp |
| 18:19 | Build | House |
| 18:49 | Research | Forging |
| 18:54 | Build | Farm |
| 18:55 | Build | Farm |
| 18:56 | Build | Farm |
| 18:58 | Build | Farm |
| 19:14 | Build | House |
| 19:23 | Build | Palisade Wall |
| 19:39 | Age | Castle Age |
| 19:39 | Build | Outpost |
| 19:41 | Research | Town Watch |
| 19:44 | Research | Wheelbarrow |
| 19:56 | Build | Farm |
| 20:15 | Create | Camel Scout |
| 20:15 | Create | Camel Scout |
| 20:16 | Create | Camel Scout |
| 20:16 | Create | Camel Scout |
| 20:17 | Create | Villager (Male) |
| 21:05 | Create | Villager (Male) |
| 21:09 | Research | Husbandry |
| 21:29 | Create | Villager (Male) |
| 21:37 | Build | Town Center |
| 21:54 | Create | Villager (Male) |
| 22:04 | Create | Villager (Male) |
| 22:16 | Create | Villager (Male) |
| 22:21 | Create | Villager (Male) |
| 22:26 | Build | Farm |
| 22:29 | Build | Farm |
| 22:44 | Create | Villager (Male) |
| 22:53 | Build | Archery Range |
| 23:14 | Create | Villager (Male) |
| 23:18 | Build | Farm |
| 23:25 | Research | Fletching |
| 23:47 | Create | Villager (Male) |
| 24:07 | Create | Villager (Male) |
| 24:33 | Create | Villager (Male) |
| 24:48 | Build | Castle |
| 25:04 | Build | Market |
| 25:04 | Create | Villager (Male) |
| 25:06 | Research | Town Patrol |
| 25:08 | Research | Hand Cart |
| 25:08 | Create | Villager (Male) |
| 25:12 | Create | Elephant Archer ×3 |
| 25:22 | Create | Villager (Male) |
| 25:26 | Research | Bow Saw |
| 25:29 | Create | Villager (Male) |
| 25:51 | Create | Villager (Male) |
| 26:09 | Create | Villager (Male) |
| 26:22 | Create | Villager (Male) |
| 26:27 | Build | Farm |
| 26:28 | Build | Farm |
Build order — umad_mazhar111
First 150 of 1058 actions detected
| 0:01 | Create | Villager (Male) |
| 0:02 | Create | Villager (Male) |
| 0:03 | Build | House |
| 0:05 | Build | House |
| 0:26 | Create | Villager (Male) |
| 0:33 | Create | Villager (Male) |
| 1:25 | Create | Villager (Male) |
| 1:26 | Create | Villager (Male) |
| 2:01 | Create | Villager (Male) |
| 2:01 | Create | Villager (Male) |
| 2:10 | Build | Lumber Camp |
| 2:18 | Create | Villager (Male) |
| 2:18 | Create | Villager (Male) |
| 2:50 | Create | Villager (Male) |
| 2:50 | Create | Villager (Male) |
| 3:08 | Create | Villager (Male) |
| 3:08 | Create | Villager (Male) |
| 3:33 | Build | House |
| 3:43 | Create | Villager (Male) |
| 3:43 | Create | Villager (Male) |
| 4:02 | Build | House |
| 4:14 | Create | Villager (Male) |
| 4:14 | Create | Villager (Male) |
| 4:15 | Create | Villager (Male) |
| 4:37 | Create | Villager (Male) |
| 4:37 | Create | Villager (Male) |
| 4:41 | Build | Mill |
| 5:12 | Create | Villager (Male) |
| 5:12 | Create | Villager (Male) |
| 5:13 | Create | Villager (Male) |
| 5:13 | Create | Villager (Male) |
| 5:13 | Create | Villager (Male) |
| 5:13 | Create | Villager (Male) |
| 6:10 | Create | Villager (Male) |
| 6:11 | Create | Villager (Male) |
| 7:25 | Create | Villager (Male) |
| 7:26 | Create | Villager (Male) |
| 7:44 | Build | Farm |
| 7:47 | Build | Farm |
| 7:56 | Build | Farm |
| 7:58 | Create | Villager (Male) |
| 8:33 | Build | Farm |
| 8:41 | Create | Villager (Male) |
| 8:44 | Build | Farm |
| 9:00 | Research | Feudal Age |
| 9:00 | Research | Feudal Age |
| 10:15 | Build | Palisade Wall |
| 10:21 | Create | Villager (Male) |
| 10:27 | Build | House |
| 10:37 | Build | Palisade Wall |
| 11:01 | Build | Palisade Wall |
| 11:02 | Create | Villager (Male) |
| 11:16 | Age | Feudal Age |
| 11:19 | Create | Villager (Male) |
| 11:38 | Build | Stable |
| 11:38 | Create | Villager (Male) |
| 11:40 | Create | Villager (Male) |
| 11:48 | Build | Farm |
| 11:50 | Build | Farm |
| 11:58 | Build | House |
| 12:04 | Build | Lumber Camp |
| 12:14 | Create | Villager (Male) |
| 12:30 | Build | House |
| 12:38 | Create | Villager (Male) |
| 12:42 | Build | Farm |
| 12:53 | Build | House |
| 13:01 | Create | Villager (Male) |
| 13:20 | Build | Mining Camp |
| 13:21 | Create | Villager (Male) |
| 13:30 | Research | Double-Bit Axe |
| 13:41 | Research | Loom |
| 13:42 | Create | Villager (Male) |
| 13:48 | Create | Villager (Male) |
| 14:05 | Build | Farm |
| 14:06 | Create | Villager (Male) |
| 14:35 | Create | Villager (Male) |
| 14:40 | Build | Farm |
| 14:52 | Create | Villager (Male) |
| 15:05 | Build | Farm |
| 15:26 | Create | Villager (Male) |
| 15:39 | Research | Castle Age |
| 15:39 | Research | Castle Age |
| 15:46 | Build | House |
| 15:57 | Build | House |
| 16:10 | Research | Horse Collar |
| 16:23 | Build | House |
| 16:28 | Create | Villager (Male) |
| 17:05 | Build | House |
| 17:25 | Build | Palisade Gate |
| 17:28 | Create | Villager (Male) |
| 17:36 | Build | Stable |
| 17:58 | Build | House |
| 18:31 | Age | Castle Age |
| 18:32 | Build | House |
| 18:34 | Create | Knight |
| 18:35 | Create | Knight |
| 18:35 | Create | Knight |
| 18:36 | Create | Knight |
| 18:37 | Create | Villager (Male) |
| 18:45 | Build | Town Center |
| 18:54 | Build | Town Center |
| 19:03 | Create | Villager (Male) |
| 19:07 | Build | House |
| 19:12 | Create | Villager (Male) |
| 19:19 | Create | Knight |
| 19:19 | Create | Knight |
| 19:21 | Create | Villager (Male) |
| 19:24 | Build | Farm |
| 19:27 | Build | Farm |
| 19:28 | Create | Villager (Male) |
| 19:34 | Research | Wheelbarrow |
| 19:35 | Research | Bow Saw |
| 19:36 | Research | Bow Saw |
| 19:42 | Build | House |
| 19:51 | Create | Villager (Male) |
| 19:56 | Build | Blacksmith |
| 20:05 | Create | Knight |
| 20:05 | Create | Knight |
| 20:13 | Build | Farm |
| 20:14 | Build | Farm |
| 20:15 | Create | Villager (Male) |
| 20:34 | Research | Forging |
| 20:34 | Research | Forging |
| 20:38 | Build | House |
| 20:45 | Create | Villager (Male) |
| 20:55 | Build | Farm |
| 20:57 | Build | Farm |
| 20:58 | Create | Villager (Male) |
| 21:03 | Build | Farm |
| 21:09 | Build | Farm |
| 21:15 | Research | Gold Mining |
| 21:30 | Create | Villager (Male) |
| 21:34 | Create | Villager (Male) |
| 21:37 | Build | House |
| 21:41 | Create | Villager (Male) |
| 21:46 | Build | Farm |
| 21:51 | Create | Villager (Male) |
| 21:56 | Build | Mining Camp |
| 21:59 | Create | Villager (Male) |
| 22:05 | Create | Villager (Male) |
| 22:05 | Create | Villager (Male) |
| 22:10 | Build | Farm |
| 22:12 | Build | Farm |
| 22:13 | Create | Villager (Male) |
| 22:18 | Create | Villager (Male) |
| 22:24 | Build | House |
| 22:25 | Create | Villager (Male) |
| 22:33 | Build | Farm |
| 22:37 | Build | Farm |
| 22:38 | Create | Villager (Male) |
Build order — lemac
First 150 of 541 actions detected
| 0:00 | Create | Villager (Male) |
| 0:01 | Create | Villager (Male) |
| 0:01 | Create | Villager (Male) |
| 0:02 | Build | House |
| 0:03 | Build | House |
| 0:04 | Create | Villager (Male) |
| 1:22 | Create | Villager (Male) |
| 1:43 | Build | Mill |
| 1:59 | Create | Villager (Male) |
| 2:15 | Create | Villager (Male) |
| 2:53 | Create | Villager (Male) |
| 2:53 | Create | Villager (Male) |
| 3:21 | Create | Villager (Male) |
| 3:21 | Create | Villager (Male) |
| 3:42 | Create | Villager (Male) |
| 3:43 | Create | Villager (Male) |
| 4:00 | Build | House |
| 4:41 | Create | Villager (Male) |
| 4:41 | Create | Villager (Male) |
| 4:42 | Create | Villager (Male) |
| 5:18 | Create | Villager (Male) |
| 5:19 | Create | Villager (Male) |
| 5:19 | Create | Villager (Male) |
| 5:19 | Create | Villager (Male) |
| 5:36 | Build | House |
| 6:49 | Create | Villager (Male) |
| 6:58 | Build | Lumber Camp |
| 7:01 | Create | Villager (Male) |
| 7:38 | Create | Villager (Male) |
| 7:40 | Research | Loom |
| 7:45 | Research | Feudal Age |
| 7:54 | Create | Villager (Male) |
| 7:58 | Research | Loom |
| 8:40 | Create | Villager (Male) |
| 8:57 | Build | Barracks |
| 9:03 | Build | House |
| 9:34 | Build | Mill |
| 9:43 | Create | Villager (Male) |
| 9:46 | Create | Villager (Male) |
| 10:00 | Age | Feudal Age |
| 10:15 | Build | Archery Range |
| 10:19 | Create | Villager (Male) |
| 10:51 | Build | Mining Camp |
| 10:58 | Create | Villager (Male) |
| 11:21 | Create | Archer |
| 11:21 | Create | Archer |
| 11:41 | Create | Villager (Male) |
| 11:48 | Build | House |
| 11:50 | Build | House |
| 11:54 | Create | Villager (Male) |
| 12:02 | Create | Archer |
| 12:08 | Build | House |
| 12:17 | Build | Farm |
| 12:18 | Build | Farm |
| 12:34 | Create | Villager (Male) |
| 12:38 | Build | Farm |
| 12:52 | Create | Archer |
| 12:59 | Build | Farm |
| 13:05 | Create | Villager (Male) |
| 13:07 | Create | Archer |
| 13:25 | Create | Villager (Male) |
| 13:47 | Create | Archer |
| 14:02 | Create | Villager (Male) |
| 14:15 | Build | Market |
| 14:16 | Create | Villager (Male) |
| 14:19 | Create | Archer |
| 14:21 | Build | House |
| 14:22 | Build | House |
| 14:56 | Create | Villager (Male) |
| 14:58 | Create | Archer |
| 15:10 | Build | House |
| 15:15 | Create | Archer |
| 15:19 | Research | Loom |
| 15:34 | Build | Farm |
| 15:49 | Research | Castle Age |
| 15:55 | Build | Farm |
| 15:55 | Build | Farm |
| 15:56 | Build | Farm |
| 15:56 | Build | Farm |
| 15:56 | Build | Farm |
| 16:05 | Research | Double-Bit Axe |
| 16:30 | Create | Archer |
| 16:31 | Create | Archer |
| 16:42 | Create | Villager (Male) |
| 16:46 | Research | Horse Collar |
| 16:59 | Build | Palisade Gate |
| 17:05 | Build | House |
| 17:07 | Create | Archer |
| 17:29 | Build | House |
| 17:31 | Build | House |
| 17:32 | Build | House |
| 17:35 | Create | Archer |
| 17:36 | Create | Villager (Male) |
| 17:53 | Build | Archery Range |
| 18:03 | Create | Archer |
| 18:03 | Create | Archer |
| 18:31 | Age | Castle Age |
| 18:33 | Build | House |
| 18:36 | Research | Crossbowman (upgrade) |
| 18:59 | Create | Archer |
| 18:59 | Create | Archer |
| 18:59 | Create | Archer |
| 19:00 | Create | Villager (Male) |
| 19:03 | Build | Blacksmith |
| 19:05 | Create | Villager (Male) |
| 19:29 | Create | Archer |
| 19:30 | Create | Archer |
| 19:39 | Create | Villager (Male) |
| 19:43 | Build | Monastery |
| 19:50 | Create | Archer |
| 19:51 | Create | Villager (Male) |
| 19:59 | Create | Archer |
| 19:59 | Create | Archer |
| 20:06 | Create | Villager (Male) |
| 20:15 | Build | House |
| 20:17 | Build | House |
| 20:20 | Create | Archer |
| 20:21 | Create | Monk |
| 20:21 | Create | Monk |
| 20:22 | Create | Villager (Male) |
| 20:34 | Research | Fletching |
| 20:42 | Create | Villager (Male) |
| 20:43 | Create | Archer |
| 20:44 | Create | Archer |
| 20:56 | Create | Villager (Male) |
| 21:10 | Create | Villager (Male) |
| 21:28 | Create | Villager (Male) |
| 21:49 | Build | Town Center |
| 21:50 | Create | Villager (Male) |
| 21:55 | Create | Monk |
| 21:55 | Create | Monk |
| 22:02 | Create | Villager (Male) |
| 22:05 | Create | Archer |
| 22:05 | Create | Archer |
| 22:19 | Build | Farm |
| 22:19 | Build | Farm |
| 22:19 | Build | Farm |
| 22:19 | Build | Farm |
| 22:35 | Create | Villager (Male) |
| 22:48 | Create | Monk |
| 22:58 | Create | Villager (Male) |
| 23:05 | Create | Monk |
| 23:14 | Create | Villager (Male) |
| 23:14 | Create | Villager (Male) |
| 23:34 | Create | Villager (Male) |
| 23:55 | Create | Villager (Male) |
| 23:56 | Create | Archer |
| 23:57 | Create | Archer |
| 23:57 | Create | Archer |
| 23:58 | Create | Villager (Male) |
Match timeline
| 3:42 | mentalist · wall_segment Palisade Wall x1 |
| 8:27 | mentalist · first_building Barracks |
| 8:48 | wasif_hyder · first_building Barracks |
| 8:57 | lemac · first_building Barracks |
| 8:57 | wasif_hyder · wall_segment Palisade Wall x24 |
| 9:21 | mentalist · age_up feudal |
| 10:00 | lemac · age_up feudal |
| 10:15 | umad_mazhar111 · wall_segment Palisade Wall x13 |
| 10:15 | lemac · first_building Archery Range |
| 10:33 | wasif_hyder · age_up feudal |
| 10:37 | umad_mazhar111 · wall_segment Palisade Wall x4 |
| 10:39 | wasif_hyder · first_building Stable |
| 11:01 | umad_mazhar111 · wall_segment Palisade Wall x12 |
| 11:16 | umad_mazhar111 · age_up feudal |
| 11:20 | mentalist · wall_segment Palisade Wall x25 |
| 11:38 | umad_mazhar111 · first_building Stable |
| 13:19 | mentalist · wall_segment Palisade Wall x18 |
| 16:00 | mentalist · first_building Stable |
| 16:31 | mentalist · wall_segment Palisade Wall x1 |
| 16:32 | mentalist · wall_segment Palisade Wall x1 |
| 18:31 | lemac · age_up castle |
| 18:31 | umad_mazhar111 · age_up castle |
| 19:23 | mentalist · wall_segment Palisade Wall x18 |
| 19:39 | mentalist · age_up castle |
| 19:43 | lemac · first_building Monastery |
| 22:22 | wasif_hyder · age_up castle |
| 22:53 | mentalist · first_building Archery Range |
| 23:19 | umad_mazhar111 · wall_segment Palisade Wall x10 |
| 23:22 | wasif_hyder · first_building Siege Workshop |
| 23:25 | umad_mazhar111 · wall_segment Palisade Wall x9 |
| 24:48 | mentalist · first_building Castle |
| 26:38 | lemac · first_building Castle |
| 27:05 | lemac · first_market_sell 100 food |
| 27:06 | lemac · first_market_buy 100 wood |
| 27:22 | mentalist · first_market_sell 100 wood |
| 27:33 | umad_mazhar111 · first_market_sell 100 wood |
| 27:51 | umad_mazhar111 · first_market_buy 100 food |
| 29:08 | mentalist · first_market_buy 100 food |
| 31:36 | wasif_hyder · first_market_sell 500 food |
| 31:45 | wasif_hyder · first_building Monastery |
| 31:50 | umad_mazhar111 · first_building Castle |
| 32:29 | lemac · wall_segment Stone Wall x6 |
| 32:31 | mentalist · age_up imperial |
| 33:03 | lemac · wall_segment Stone Wall x10 |
| 33:24 | mentalist · first_building Siege Workshop |
| 34:38 | wasif_hyder · first_building Archery Range |
| 36:21 | umad_mazhar111 · age_up imperial |
| 36:45 | wasif_hyder · age_up imperial |
| 38:12 | mentalist · tribute_sent a jugador 1 |
| 38:12 | mentalist · tribute_sent a jugador 3 |
| 38:12 | mentalist · tribute_sent a jugador 4 |
| 38:17 | wasif_hyder · first_building Castle |
| 41:31 | lemac · age_up imperial |
| 44:10 | umad_mazhar111 · first_building Siege Workshop |
| 46:23 | umad_mazhar111 · wall_segment Stone Wall x20 |
| 47:31 | umad_mazhar111 · wall_segment Stone Wall x15 |
| 47:54 | umad_mazhar111 · first_building Barracks |
| 50:02 | umad_mazhar111 · wall_segment Stone Wall x12 |
| 51:11 | umad_mazhar111 · wall_segment Stone Wall x4 |
| 52:36 | lemac · first_building Stable |
| 55:14 | umad_mazhar111 · wall_segment Stone Wall x11 |
| 55:22 | umad_mazhar111 · wall_segment Stone Wall x4 |
| 57:25 | mentalist · first_building Monastery |
| 57:42 | umad_mazhar111 · wall_segment Stone Wall x14 |
| 60:01 | mentalist · wall_segment Stone Wall x8 |
| 60:06 | mentalist · wall_segment Stone Wall x13 |
| 60:11 | mentalist · wall_segment Palisade Wall x1 |
| 60:12 | mentalist · wall_segment Palisade Wall x1 |
| 60:12 | mentalist · wall_segment Palisade Wall x1 |
| 61:12 | lemac · first_building Siege Workshop |
| 61:43 | umad_mazhar111 · wall_segment Stone Wall x5 |
| 64:01 | wasif_hyder · wall_segment Stone Wall x1 |
| 64:05 | umad_mazhar111 · wall_segment Stone Wall x5 |
| 64:40 | umad_mazhar111 · wall_segment Stone Wall x1 |
| 73:18 | umad_mazhar111 · wall_segment Stone Wall x7 |
| 76:47 | mentalist · tribute_sent a jugador 1 |
| 76:47 | mentalist · tribute_sent a jugador 3 |
| 76:47 | mentalist · tribute_sent a jugador 4 |
| 78:54 | wasif_hyder · resign |
[ AI ANALYSIS · 1 CREDIT ]
What really happened in this match?
Wolo.gg analyzes every decision: build order, eco, micro, common mistakes by bracket. Personalized analysis on WhatsApp or Discord in 30 seconds.
Civ guide
Burgundians
Perfil
Jugador #450320